 Dungeon Crawl Stone Soup version 0.22.1-1-ga44c0e56f4 (webtiles) character file.

403 CaptainPlanet the Firebug (level 6, -13/47 HPs)
             Began as a Draconian Fire Elementalist on Oct 16, 2018.
             Engulfed by a cloud of flame (18 damage)
             ... on level 3 of the Dungeon.
             The game lasted 00:38:31 (3491 turns).

CaptainPlanet the Firebug (DrFE)                    Turns: 3491, Time: 00:38:32

Health: -13/47     AC:  7    Str: 10    XL:     6   Next: 55%
Magic:  1/10       EV: 13    Int: 17    God:
Gold:   186        SH:  0    Dex: 12    Spells: 10/11 levels left

rFire    . . .     SeeInvis .   k - +4 quarterstaff (chaos)
rCold    . . .     Gourm    .   (shield currently unavailable)
rNeg     . . .     Faith    .   (armour unavailable)
rPois    .         Spirit   .   (helmet restricted)
rElec    .         Reflect  .   m - +0 cloak {+Inv}
rCorr    .         Harm     .   (no gloves)
MR       +....                  (no boots)
Stlth    ++........             (no amulet)
HPRegen  0.15/turn              g - ring of protection from magic
MPRegen  0.12/turn              (no ring)

@: no status effects
A: unfitting armour, cold-blooded, AC +6
a: Evoke Invisibility


You were on level 3 of the Dungeon.
You were not hungry.

You visited 1 branch of the dungeon, and saw 4 of its levels.

You collected 186 gold pieces.

Inventory:

Hand Weapons
 e - a +1 vampiric spear
 f - a +0 short sword
 i - a +0 falchion
 j - a +0 flail
 k - a +4 quarterstaff of chaos (weapon)
Armour
 m - a +0 cloak of invisibility (worn)
Jewellery
 g - a ring of protection from magic (left hand)
Scrolls
 l - a scroll of teleportation
Potions
 a - a potion of heal wounds {unknown}
 c - a potion of might {unknown}
 d - a potion of berserk rage {unknown}
Comestibles
 b - 2 rations
 h - 7 chunks of flesh


   Skills:
 + Level 1.6 Fighting
 + Level 1.1 Short Blades
 + Level 2.8 Dodging
 + Level 2.7 Stealth
 + Level 0.2 Unarmed Combat
 + Level 3.3 Spellcasting
 + Level 2.4 Conjurations
 + Level 4.2 Fire Magic
 + Level 1.9 Evocations


You had 10 spell levels left.
You knew the following spells:

 Your Spells              Type           Power        Failure   Level  Hunger
a - Flame Tongue          Conj/Fire      ##...        4%          1    None

Your spell library contained the following spells:

 Spells                   Type           Power        Failure   Level  Hunger
 Throw Flame              Conj/Fire      ##....       6%          2    ##.....
 Conjure Flame            Conj/Fire      ##......     13%         3    ###....
 Inner Flame              Hex/Fire       ##......     22%         3    ###....
 Sticky Flame             Conj/Fire      ##......     38%         4    ####...
 Fireball                 Conj/Fire      ##........   75%         5    ######.


Dungeon Overview and Level Annotations

Branches:
Dungeon (4/15)
 Temple: D:4-7

Altars:

Annotations:
D:3 Pikel


Innate Abilities, Weirdness & Mutations

Your plain brown scales are hard. (AC +6)
You cannot fit into any form of body armour.
You are cold-blooded and may be slowed by cold attacks.


Message History

Confirm with . or Enter, or press ? or * to list all spells.
Aiming: Flame Tongue (safe; 4% risk of failure)
Press: ? - help, Shift-Dir - straight line, f/p - slave
Aim: a slave, wearing an animal skin (moderately wounded, inner flame)
The flame tongue hits the slave.
The slave appears unharmed.
The slave is moderately wounded.
The slave hits you. The slave hits you but does no damage.
You sock the slave!
Your tail-slap misses the slave.
The slave is almost dead.
The slave closely misses you.
You sock the slave!
The slave explodes!
The fiery explosion engulfs you!
Ouch! That really hurt!
* * * LOW HITPOINT WARNING * * *
The fiery explosion engulfs Pikel.
Pikel is heavily wounded.
You are engulfed in blazing flames.
You die...

#.# #....# #...#♣..♣....
#.# ###### #####♣♣♣.♣...
#.# ♣♣♣♣♣# #.# #.#
############ #.#
##...%.#.##.#### #.#
#######.%.............
##.###...[##§...%..........
#....'....@[K.....#.##.####
######....###.......##.#
#....# ##########.####
#....# #..... #....# ######
#....#
#....#################
#.....................
#.....................


You could see Pikel (inner flame).

Vanquished Creatures
  A slave (D:3)
  2 ogres (D:3)
  Crazy Yiuf (D:3)
  An orc priest (D:3)
  An orc wizard (D:3)
  A worker ant (D:3)
  2 adders
  An ooze (D:1)
  2 worms
  3 dart slugs
  2 leopard geckos
  3 orcs (D:3)
  7 giant cockroaches
  7 hobgoblins
  11 jackals
  10 kobolds
  4 quokkas
  7 bats
  4 frilled lizards
  8 goblins
  8 rats
86 creatures vanquished.

Notes
Turn   | Place    | Note
-------+----------+-------------------------------------------
     0 | D:1      | CaptainPlanet the Draconian Fire Elementalist began the
                  | quest for the Orb.
     0 | D:1      | Reached XP level 1. HP: 14/14 MP: 3/3
   281 | D:1      | Reached XP level 2. HP: 8/20 MP: 0/5
  1254 | D:2      | Reached XP level 3. HP: 26/26 MP: 4/6
  1578 | D:2      | Found a faded altar of an unknown god.
  2037 | D:2      | Reached XP level 4. HP: 30/34 MP: 4/7
  2323 | D:3      | Noticed an ogre
  2327 | D:3      | Killed an ogre
  2327 | D:3      | Reached skill level 1 in Fighting
  2327 | D:3      | Reached skill level 1 in Evocations
  2327 | D:3      | Reached XP level 5. HP: 38/40 MP: 6/9
  2790 | D:3      | Found a runed door.
  2895 | D:3      | Noticed an ogre
  2935 | D:3      | Killed an ogre
  2935 | D:3      | Reached skill level 1 in Short Blades
  2935 | D:3      | Reached skill level 4 in Fire Magic
  2960 | D:3      | Reached XP level 6. HP: 47/47 MP: 10/10
  3176 | D:3      | Noticed Crazy Yiuf
  3182 | D:3      | Killed Crazy Yiuf
  3453 | D:4      | Noticed Pikel
  3470 | D:4      | Noticed a slave
  3491 | D:3      | Killed a slave
  3491 | D:3      | Engulfed by a cloud of flame

Skill      XL: |  1  2  3  4  5 |
---------------+----------------+-----
Dodging        | 2 |  2.8
Stealth        | 2 |  2.7
Fighting       | 1 |  1.6
Evocations     | 1 |  1.9
Short Blades   | 1 |  1.1
Spellcasting   | 3 |  3.3
Conjurations   | 2 |  2.4
Fire Magic     | 4 |  4.2
Unarmed Combat | |  0.2

Action                   |  1- 3 |  4- 6 || total
-------------------------+-------+-------++-------
Melee: Unarmed           |    32 |       ||    32
       Dagger            |    23 |       ||    23
       Short sword       |    39 |    26 ||    65
       Tailslap          |     4 |     1 ||     5
       Quarterstaff      |       |     4 ||     4
 Cast: Flame Tongue      |    57 |    63 ||   120
Evoke: Wand              |     5 |    25 ||    30
  Use: Scroll            |     2 |     6 ||     8
       Potion            |     4 |       ||     4
 Stab: Paralysed         |       |     1 ||     1
  Eat: Chunk             |     1 |     5 ||     6
       Ration            |     1 |       ||     1
Armor: Skin              |    43 |    33 ||    76
Dodge: Dodged            |    90 |    62 ||   152
